 Dungeon Crawl Stone Soup version 0.30-a0-824-g6c64550be9 (webtiles) character file.

Game seed: 7923007168705811997

52 Zonian the Insei (level 3, -1/18 HPs)
             Began as a Vine Stalker Transmuter on Feb 28, 2023.
             Slain by Terence
             ... wielding a +0 hand axe
              (3 damage)
             ... on level 2 of the Dungeon.
             The game lasted 00:02:11 (1389 turns).

Zonian the Insei (Vine Stalker Transmuter)          Turns: 1389, Time: 00:02:12

Health: -1/18      AC:  2    Str: 14    XL:     3   Next: 85%
Magic:  0/7        EV: 12    Int: 13    God:
Gold:   72         SH:  0    Dex: 14    Spells: 6/7 levels left

rFire   . . .      SeeInvis .      - Unarmed
rCold   . . .      Faith    .    (no shield)
rNeg    . . .      Spirit   +    a - +0 robe
rPois   .          Reflect  .    (no helmet)
rElec   .          Harm     .    (no cloak)
rCorr   .          Rampage  .    (no gloves)
Will    .....                    (no boots)
Stlth   +                        (no amulet)
HPRegen 0.23/turn                (no ring)
MPRegen 0.10/turn                (no ring)

@: no status effects
A: fangs 2, magic shield, antimagic bite, no potion heal 2
a: no special abilities


You were on level 2 of the Dungeon.
You visited 1 branch of the dungeon, and saw 2 of its levels.

You collected 72 gold pieces.

Inventory:

Armour
 a - a +0 robe (worn)
 g - a +0 ring mail
Scrolls
 d - a scroll of fog {unknown}
 e - 2 scrolls of immolation {unknown}
 f - 2 scrolls of identify
 h - a scroll of magic mapping {unknown}
Potions
 b - a potion of lignification
 c - a potion of curing


   Skills:
 + Level 1.6 Fighting
 + Level 2.0 Dodging
 + Level 3.3 Unarmed Combat
 + Level 2.6 Spellcasting
 + Level 2.5 Transmutations


You had 6 spell levels left.
You knew the following spells:

 Your Spells              Type           Power      Damage    Failure   Level
a - Beastly Appendage     Tmut           16%        N/A       9%          1

Your spell library contained the following spells:

 Spells                   Type           Power      Damage    Failure   Level
 Wereblood                Tmut           8%         N/A       13%         2
 Spider Form              Tmut/Pois      4%         N/A       41%         3
 Ice Form                 Ice/Tmut       4%         N/A       82%         4


Dungeon Overview and Level Annotations

Branches:
Dungeon (2/15)

Altars:

Annotations:
D:2 Terence


Innate Abilities, Weirdness & Mutations

You have extremely sharp teeth.
When hurt, damage is shared between your health and your magic reserves.
Your bite disrupts and absorbs the magic of your enemies.
Potions cannot restore your health.


Message History

Casting: Beastly Appendage (safe; 9% risk of failure)
Confirm with . or Enter, or press ? or * to list all spells.
You extend your transformation's duration.
Your transformation is almost over.
Unknown command.
Terence and a rat come into view.
Found 4 silver javelins.
Terence shouts!
Found 10 gold pieces.
The worm bites you.
You hit the worm but do no damage. You claw the worm. You headbutt the worm!
Your bite misses the worm.
The worm is heavily wounded.
You hit the worm but do no damage. You claw the worm. You headbutt the worm.
You kill the worm!
You hit the rat.
You kill the rat!
You barely miss Terence. Terence barely misses you.
You hit Terence but do no damage. Terence hits you with a +0 hand axe.
You hit Terence.
Terence is lightly wounded.
Your horns disappear.
Your talons disappear.
You hit Terence but do no damage.
Terence is lightly wounded.
Terence hits you with a +0 hand axe.
You hit Terence but do no damage. You bite Terence, but do no damage.
Terence is lightly wounded.
Terence barely misses you.
You closely miss Terence.
Terence is lightly wounded.
Terence hits you with a +0 hand axe.
You hit Terence but do no damage.
Terence is lightly wounded.
Terence looks scornfully at you. Terence hits you with a +0 hand axe.
* * * LOW HITPOINT WARNING * * *
As you read the scroll labelled WOMAELAHAT, it crumbles to dust.
It is a scroll of identify.
c - a potion of curing Terence hits you with a +0 hand axe.
You die...

#.####....#.#.
#.......).....
######.######.
#+#########.#
#.
#........†..#
#.
#..##########
###....###
#......(.#
#...@@#....#
#...†.#....#
#.....# .r.#
#.....# @.#
####.## ..# ##
#.# #. #.# #.
#.$ ..## #.
#####..# ##


You could see Terence.

Vanquished Creatures
  2 worms (D:2)
  A dart slug (D:1)
  5 bats
  2 endoplasms (D:1)
  3 giant cockroaches
  4 goblins
  5 hobgoblins
  6 jackals
  2 quokkas (D:1)
  A ball python (D:1)
  3 frilled lizards
  A kobold (D:1)
  2 rats (D:2)
37 creatures vanquished.

Vanquished Creatures (others)
  18 plants (D:1)
18 creatures vanquished.

Grand Total: 55 creatures vanquished

Notes
Turn   | Place    | Note
-------+----------+-------------------------------------------
     0 | D:1      | Zonian the Vine Stalker Transmuter began the quest for the
                  | Orb.
     0 | D:1      | Reached XP level 1. HP: 9/9 MP: 4/4
    32 | D:1      | Reached skill level 1 in Fighting
   203 | D:1      | Reached XP level 2. HP: 12/14 MP: 4/6
   493 | D:1      | Reached XP level 3. HP: 3/18 MP: 1/7
  1375 | D:2      | Noticed Terence
  1389 | D:2      | Slain by Terence

Illustrated notes

Levels and vault maps discovered:
D:1:      spicycebolla_arrival_clurvy, layout_loops_cross
D:2:      layout_basic, uniq_terence

Skill      XL: |  1  2  3 |
---------------+----------+-----
Fighting       | 1 |  1.6
Dodging        | 2 |  2.0
Unarmed Combat | |  3.3
Spellcasting   | |  2.6
Transmutations | |  2.5

Action                     || total
---------------------------++-------
  Melee: Unarmed           ||   108
         Headbutt          ||    18
         Kick              ||    16
         Bite              ||    16
         Punch             ||     2
   Cast: Beastly Appendage ||    22
    Use: Scroll            ||     1
   Stab: Sleeping          ||     1
 Armour: Robe              ||    14
  Dodge: Dodged            ||    78

Table legend: (Time is in decaauts)
 A = Elapsed time spent in this place.
 B = Non-inter-level travel time spent in this place.
 C = Inter-level travel time spent in this place.
 D = Time resting spent in this place.
 E = Time spent auto-exploring this place.
 F = Levels seen in this place.
 G = Mean time per level.
                   A        B        C        D        E       F      G
               +--------+--------+--------+--------+--------+-----+--------+
         Total |   1382 |   1363 |     19 |    381 |    713 |   2 |  691.0 |
       Dungeon |   1382 |   1363 |     19 |    381 |    713 |   2 |  691.0 |
               +--------+--------+--------+--------+--------+-----+--------+

Top non-repeatable levels by time:
     D:1: 1191 daAuts
     D:2: 191 daAuts
